 Dungeon Sprint DCSS version 0.28.0-43-g3370ac3207 (webtiles) character file.

Game seed: 1094274967854107100

3883 boopmooplesden the Fencer (level 10, -8/107 HPs)
             Began as a Minotaur Berserker on Mar 29, 2022.
             Was a High Priest of Trog.
             Killed by divine providence
             ... invoked by an orc high priest
              (12 damage)
             ... in the Dungeon (Sprint III: "The Ten Rune Challenge").
             The game lasted 00:03:57 (1627 turns).

boopmooplesden the Fencer (Minotaur Berserker)      Turns: 1627, Time: 00:03:57

Health: -8/107     AC:  6    Str: 22    XL:     10   Next: 0%
Magic:  9/9        EV: 17    Int:  4    God:    Trog [*****.]
Gold:   34         SH:  0    Dex: 14    Spells: 9/9 levels left

rFire   . . .      SeeInvis .   s - +5 triple sword (vorpal)
rCold   . . .      Faith    .   (shield currently unavailable)
rNeg    . . .      Spirit   .   t - +2 robe {Will+}
rPois   .          Reflect  .   (helmet restricted)
rElec   +          Harm     .   (no cloak)
rCorr   .          Rampage  .   (no gloves)
Will    +....      Rage     1%  (no boots)
Stlth   ++........ NoTele   +   (no amulet)
HPRegen 0.27/turn               (no ring)
MPRegen 0.11/turn               (no ring)

@: on berserk cooldown
A: horns 2, retaliatory headbutt, iridescent scales 1, berserk 1, electricity
resistance, wild magic 1
a: Renounce Religion, Berserk, Trog's Hand, Brothers in Arms


You were in the Dungeon.
You worshipped Trog.
Trog was extremely pleased with you.
You visited 1 branch You collected 34 gold pieces.

Inventory:

Hand Weapons
 a - a +0 falchion
 q - a +2 long sword of holy wrath
 s - a +5 vorpal triple sword (weapon)
Missiles
 i - 5 poisoned darts (quivered)
Armour
 b - a +0 animal skin
 t - a +2 robe of willpower (worn)
Wands
 p - a wand of flame (17)
Scrolls
 h - a scroll of blinking
 k - a scroll of torment
 l - 3 scrolls of identify
Potions
 c - a potion of curing
 d - 2 potions of heal wounds
 e - a potion of haste
 f - 2 potions of magic
 g - a potion of berserk rage
 j - a potion of mutation
 m - 2 potions of flight
 n - 2 potions of degeneration {unknown}
 o - a potion of brilliance {unknown}
Miscellaneous
 r - a piece from Xom's chessboard (15/15)


   Skills:
 + Level 16.2 Fighting
 + Level 18.4 Long Blades
 + Level 7.8 Armour
 + Level 10.2 Dodging
 + Level 2.0 Stealth


You had 9 spell levels left.
You didn't know any spells.
Your spell library was empty.

Dungeon Overview and Level Annotations

Branches:
Dungeon (1/1)

Altars:
Cheibriados
Dithmenos
Elyvilon
Fedhas
Gozag
Hepliaklqana
Kikubaaqudgha
Makhleb
Nemelex Xobeh
Okawaru
Qazlal
Ru
Sif Muna
Trog
Uskayaw
Vehumet
Wu Jian
Xom
Yredelemnul
Zin
The Shining One
Beogh
Jiyva
Lugonu


Innate Abilities, Weirdness & Mutations

You have a pair of horns on your head.
You reflexively headbutt those who attack you in melee.
You are partially covered in iridescent scales. (AC +2)
You tend to lose your temper in combat.
You are resistant to electric shocks. (rElec)
Your spells are a little harder to cast, but a little more powerful.


Message History

The ufetubus hits you.
The ufetubus hits you but does no damage.
You barely miss the ufetubus. The ufetubus closely misses you.
You furiously retaliate!
You headbutt the ufetubus. The ufetubus closely misses you.
The ufetubus barely misses you.
The ufetubus hits you but does no damage.
The orc warrior barely misses you.
You hit the ufetubus.
The ufetubus is almost dead.
Your ogre is no longer berserk.
The ufetubus misses you. You furiously retaliate!
You headbutt the ufetubus!
You kill the ufetubus!
The ufetubus disappears in a puff of smoke!
The orc warrior hits you from afar with a +0 halberd!
You closely miss the ufetubus. Your headbutt misses the ufetubus.
The ufetubus misses you. x3; You furiously retaliate!
You headbutt the ufetubus. The ufetubus hits you.
The orc warrior barely misses you.
You miss the ufetubus. You headbutt the ufetubus.
You kill the ufetubus!
The ufetubus disappears in a puff of smoke!
The orc warrior barely misses you. The orc warrior misses you.
You closely miss the orc.
Your ogre disappears in a puff of smoke!
The orc barely misses you. The orc warrior barely misses you.
The orc hits you with a +0 whip.
You closely miss the orc. You headbutt the orc.
The orc is severely wounded.
You feel yourself speed up.
The orc warrior hits you from afar with a +0 halberd!!
* * * LOW HITPOINT WARNING * * *
The orc high priest calls down the wrath of Beogh upon you.
Beogh smites you!
* * * LOW HITPOINT WARNING * * *
The orc barely misses you.
Your ogre goes berserk!
The orc warrior hits you from afar with a +0 halberd!
* * * LOW HITPOINT WARNING * * *
The orc high priest invokes the aid of Beogh against you.
Beogh smites you!
You die...

▓▓▓ ▓▓▓▓▓ ##.############$$$##
##..#___#___#__#$#$$#
.#..#..†#__)#._#o5..
.#..###'#'###)##3o5
'#..#..........#oo
#...'.⌠........#o#
#...#...######'#@#
....#.⌠.#__#...#§################
....#...#__#...#O.§§≈'.#.')..'.#.
....#'###__#...#.#§≈≈#.#.#)..##.#
....#)):#__#...'.#.§§#.#.#...#.#.
....#___#__'...#.#§..#...#...##.#
▓▓▓▓▓▓▓▓▓▓▓▓▓▓▓▓▓▓▓▓▓▓▓▓▓▓▓▓▓#.#.
##.# +.#.


You could see an orc high priest, a ynoxinul (summoned), an orc warrior, 3 orcs,
2 ufetubi and a friendly ogre (summoned, berserk).

Vanquished Creatures
  Josephine (D)
  A centaur warrior (D)
  An orc high priest (D)
  A deep elf pyromancer (D)
  An unseen horror (D)
  A shadow (D)
  A spatial vortex (D)
  A necrophage (D)
  2 centaurs (D)
  An earth elemental (D)
  A water elemental (D)
  2 orc priests (D)
  A jelly (D)
  A wizard (D)
  An orc wizard (D)
  A necromancer (D)
  3 humans (D)
  A kobold demonologist (D)
  A wolf (D)
  4 orcs (D)
  An endoplasm (D)
  3 rats (D)
31 creatures vanquished.

Vanquished Creatures (collateral kills)
  3 orc warriors (D)
3 creatures vanquished.

Grand Total: 34 creatures vanquished

Notes
Turn   | Place    | Note
-------+----------+-------------------------------------------
     0 | D        | boopmooplesden the Minotaur Berserker began the quest for
                  | the Orb.
     0 | D        | Reached XP level 1. HP: 19/19 MP: 0/0
    14 | D        | Reached skill level 4 in Long Blades
    30 | D        | Reached ** piety under Trog
    49 | D        | Noticed a wolf
    55 | D        | Killed a wolf
    56 | D        | Reached skill level 5 in Fighting
    56 | D        | Reached skill level 5 in Long Blades
    56 | D        | Reached XP level 2. HP: 19/29 MP: 1/1
    68 | D        | Reached XP level 3. HP: 9/37 MP: 2/2
   322 | D        | Gained mutation: You have a beak for a mouth. [potion of
                  | mutation]
   322 | D        | Gained mutation: You have sharp fingernails. [potion of
                  | mutation]
   323 | D        | Lost mutation: You have a beak for a mouth. [potion of
                  | mutation]
   323 | D        | Lost mutation: You have sharp fingernails. [potion of
                  | mutation]
   323 | D        | Gained mutation: You are resistant to electric shocks.
                  | (rElec) [potion of mutation]
   323 | D        | Gained mutation: Your spells are a little harder to cast,
                  | but a little more powerful. [potion of mutation]
   323 | D        | Gained mutation: You tend to lose your temper in combat.
                  | [potion of mutation]
   323 | D        | Gained mutation: You are partially covered in iridescent
                  | scales. (AC +2) [potion of mutation]
   329 | D        | Noticed a water elemental
   332 | D        | Killed a water elemental
   332 | D        | Reached *** piety under Trog
   333 | D        | Reached skill level 7 in Long Blades
   333 | D        | Reached XP level 4. HP: 47/47 MP: 3/3
   371 | D        | Found a basalt altar of Yredelemnul.
   371 | D        | Found a shadowy altar of Dithmenos.
   371 | D        | Found a sacrificial altar of Ru.
   371 | D        | Noticed a necrophage
   379 | D        | Killed a necrophage
   380 | D        | Reached skill level 9 in Long Blades
   380 | D        | Reached skill level 5 in Dodging
   380 | D        | Reached XP level 5. HP: 57/57 MP: 4/4
   463 | D        | Found a hide-covered altar of Uskayaw.
   463 | D        | Found an iron altar of Okawaru.
   465 | D        | Found a bloodstained altar of Trog.
   465 | D        | Found an ornate altar of the Wu Jian Council.
   465 | D        | Noticed a human
   465 | D        | Noticed a human
   472 | D        | Killed a human
   473 | D        | Reached skill level 10 in Fighting
   473 | D        | Reached skill level 10 in Long Blades
   473 | D        | Reached skill level 5 in Armour
   473 | D        | Reached XP level 6. HP: 66/66 MP: 5/5
   475 | D        | Killed a human
   475 | D        | Reached **** piety under Trog
   476 | D        | Reached skill level 11 in Long Blades
   523 | D        | Found a glowing silver altar of Zin.
   524 | D        | Found a glowing golden altar of the Shining One.
   524 | D        | Found a white marble altar of Elyvilon.
   524 | D        | Noticed a deep elf pyromancer
   525 | D        | Noticed a fire elemental
   534 | D        | Killed a deep elf pyromancer
   535 | D        | Reached skill level 13 in Long Blades
   535 | D        | Reached XP level 7. HP: 74/78 MP: 6/6
   649 | D        | Found a radiant altar of Vehumet.
   650 | D        | Found a shimmering blue altar of Sif Muna.
   650 | D        | Found an ancient bone altar of Kikubaaqudgha.
   673 | D        | Noticed a shadow
   676 | D        | Killed a shadow
   676 | D        | Reached ***** piety under Trog
   677 | D        | Reached XP level 8. HP: 84/85 MP: 7/7
   681 | D        | Reached skill level 14 in Long Blades
   685 | D        | Found a blossoming altar of Fedhas.
   685 | D        | Found a stormy altar of Qazlal.
   685 | D        | Found a snail-covered altar of Cheibriados.
   685 | D        | Found a burning altar of Makhleb.
   685 | D        | Found a shimmering altar of Xom.
   686 | D        | Found a hazy altar of Hepliaklqana.
   686 | D        | Found an opulent altar of Gozag.
   686 | D        | Found a sparkling altar of Nemelex Xobeh.
   686 | D        | Found a corrupted altar of Lugonu.
   686 | D        | Found a viscous altar of Jiyva.
   701 | D        | Received a gift from Trog
   718 | D        | Noticed Josephine
   730 | D        | Killed Josephine
   731 | D        | Reached skill level 15 in Long Blades
   973 | D        | Noticed a centaur warrior
   980 | D        | Reached XP level 9. HP: 96/96 MP: 8/8
   980 | D        | Killed a centaur warrior
   981 | D        | Reached skill level 15 in Fighting
   981 | D        | Reached skill level 16 in Long Blades
   981 | D        | Reached skill level 1 in Stealth
   982 | D        | Reached skill level 17 in Long Blades
  1217 | D        | Killed an unseen horror
  1590 | D        | Noticed an orc high priest
  1603 | D        | Killed an orc high priest
  1604 | D        | Reached skill level 18 in Long Blades
  1604 | D        | Reached skill level 10 in Dodging
  1607 | D        | Noticed an orc high priest
  1618 | D        | Reached XP level 10. HP: 60/107 MP: 9/9
  1627 | D        | HP: 4/107 [orc warrior/+0 halberd (12)]
  1627 | D        | Killed from afar by an orc high priest

Illustrated notes

Levels and vault maps discovered:
D:        dungeon_sprint_mu [sprint_mu_entry_cave, sprint_mu_temple_rooms,
          sprint_mu_d1_horrors, sprint_mu_d2_genie, sprint_mu_d3_branching,
          sprint_mu_orc_legion, sprint_mu_elf_gauntlet, sprint_mu_hive_nellie,
          sprint_mu_lair_fedhas, sprint_mu_vaults_butterflies,
          sprint_mu_slime_circle, sprint_mu_swamp_cave, sprint_mu_snake_twists,
          sprint_mu_blade_basic, sprint_mu_crypt_chambers,
          sprint_mu_tomb_spiral, sprint_mu_vestibule_basic,
          sprint_mu_gehenna_hellfire, sprint_mu_dis_giant,
          sprint_mu_tartarus_statrot, sprint_mu_cocytus_islands, sprint_mu_zot1]

Skill      XL: |  1  2  3  4  5  6  7  8  9 |
---------------+----------------------------+-----
Fighting       | 5 7 9 10 12 14 16 | 16.2
Long Blades    | 5 7 9 10 13 15 18 | 18.4
Armour         | 3 4 5 6 7 |  7.8
Dodging        | 3 4 5 6 7 8 9 10 | 10.2
Stealth        | 2 |  2.0

Action                   |  1- 3 |  4- 6 |  7- 9 | 10-12 || total
-------------------------+-------+-------+-------+-------++-------
Melee: Falchion          |    24 |    26 |       |       ||    50
       Headbutt          |       |     4 |     9 |     2 ||    15
       Long sword        |       |       |    17 |       ||    17
       Triple sword      |       |       |    34 |     7 ||    41
Invok: Berserk           |     2 |     3 |     4 |       ||     9
       Brothers in Arms  |       |       |     1 |     1 ||     2
       Trog's Hand       |       |       |     1 |       ||     1
  Use: Potion            |     2 |       |       |       ||     2
       Scroll            |     1 |       |       |       ||     1
Armor: Animal skin       |     4 |     4 |     8 |       ||    16
       Robe              |       |       |     1 |     5 ||     6
Dodge: Dodged            |    11 |     6 |    21 |    17 ||    55
